 Dungeon Crawl Stone Soup version 0.18.1-8-gdd0e5ea (webtiles) character file.

51 Freeplumber the Stinger (level 3, 0/24 HPs)
             Began as a Demonspawn Venom Mage on June 11, 2016.
             Slain by a giant newt (2 damage)
             ... on level 3 of the Dungeon.
             The game lasted 00:08:35 (1192 turns).

Freeplumber the Stinger (Demonspawn Venom Mage)     Turns: 1192, Time: 00:08:35

Health: 0/24       AC:  2    Str:  9    XL:     3   Next: 57%
Magic:  5/6        EV: 12    Int: 21    God:
Gold:   126        SH:  0    Dex: 13    Spells: 3 memorised, 0 levels left

rFire  . . .     SeeInvis .     h - +2 dagger (vamp)
rCold  . . .     Gourm    .     a - +0 robe
rNeg   . . .     Faith    .     (no shield)
rPois  .         Spirit   .     (no helmet)
rElec  .         Dismiss  .     (no cloak)
rCorr  .         Reflect  .     (no gloves)
SustAt .         Harm     .     (no boots)
MR     .....                    (no amulet)
Stlth  ++........               (no ring)
                                (no ring)

@: brilliant, drained, not resistant to hostile enchantments, unstealthy
A: powered by death 1
a: no special abilities


You were on level 3 of the Dungeon.
You were not hungry.

You visited 1 branch of the dungeon, and saw 3 of its levels.

You collected 126 gold pieces.

Inventory:

Hand Weapons
 d - a +0 dagger
 h - a +2 vampiric dagger (weapon)
Missiles
 f - 18 poisoned needles
 r - 2 javelins (quivered)
Armour
 a - a +0 robe (worn)
Scrolls
 e - 2 scrolls of random uselessness
 k - 2 scrolls of remove curse
 l - a scroll of recharging
 m - 2 scrolls of identify
Potions
 g - a potion of curing {unknown}
 o - a potion of brilliance
 p - a potion of magic
 q - a potion of degeneration {unknown}
Books
 b - a Young Poisoner's Handbook

   Spells                             Type                      Level
   a - Sting                          Conjuration/Poison           1
   b - Cure Poison                    Poison                       2
   c - Mephitic Cloud                 Conjuration/Poison/Air       3
   d - Olgreb's Toxic Radiance        Poison                       4
   e - Venom Bolt                     Conjuration/Poison           5
Comestibles
 c - 2 bread rations
 i - a slice of pizza
 n - a meat ration


   Skills:
 + Level 0.2(0.0) Fighting
 + Level 0.1(0.0) Short Blades
 + Level 2.4(1.8) Dodging
 + Level 2.1(1.5) Stealth
 + Level 2.1(1.6) Spellcasting
 + Level 0.2(0.0) Conjurations
 + Level 4.6(3.9) Poison Magic


You couldn't memorise any spells.
You knew the following spells:

 Your Spells              Type           Power        Failure   Level  Hunger
a - Sting                 Conj/Pois      ###.         1%          1    #......
b - Cure Poison           Pois           ####......   1%          2    ###....
c - Mephitic Cloud        Conj/Pois/Air  ###.....     3%          3    ###....


Dungeon Overview and Level Annotations

Branches:
Dungeon (3/15)

Altars:
Gozag

Annotations:
D:3 Liquid's ghost, amateur OgBe


Innate Abilities, Weirdness & Mutations

You regenerate a little health from kills.


Message History

p - a potion of magic Your surroundings suddenly seem different.
A giant newt and a skeleton come into view.
The giant newt barely misses you.
You closely miss the giant newt. The giant newt completely misses you.
You miss the giant newt. The giant newt bites you.
* * * LOW HITPOINT WARNING * * *
You barely miss the giant newt. The giant newt bites you.
* * * LOW HITPOINT WARNING * * *
You miss the giant newt.
The giant newt bites you but does no damage.
Casting: Sting
Confirm with . or Enter, or press ? or * to list all spells.
Aiming: Sting
Press: ? - help, Shift-Dir - straight line, f - giant newt
Aim: a giant newt The sting misses the giant newt.
The giant newt bites you but does no damage.
The giant newt bites you.
You die...

.#.# #####.#.###
.........#
........#
.......# #
......
#..#####.#.#
.......@...#
......lZ...#
...........#
#..............
##.###..........
# #...........
#...........
#...........
#...........


You could see a giant newt and a hound skeleton.

Vanquished Creatures
  An adder (D:3)
  2 dart slugs
  3 giant geckos
  2 giant cockroaches
  3 hobgoblins
  9 kobolds
  3 bats
  2 giant newts (D:2)
  4 goblins (D:1)
  10 rats
39 creatures vanquished.

Vanquished Creatures (others)
  A kobold (D:1)
  A plant (D:1)
2 creatures vanquished.

Grand Total: 41 creatures vanquished

Notes
Turn   | Place    | Note
--------------------------------------------------------------
     0 | D:1      | Freeplumber the Demonspawn Venom Mage began the quest for the Orb.
     0 | D:1      | Reached XP level 1. HP: 13/13 MP: 3/3
   270 | D:1      | Gained mutation: You regenerate a little health from kills. [demonic ancestry]
   270 | D:1      | Reached XP level 2. HP: 2/19 MP: 1/5
   277 | D:1      | Learned a level 2 spell: Cure Poison
   746 | D:2      | Reached XP level 3. HP: 22/24 MP: 4/6
   861 | D:2      | Learned a level 3 spell: Mephitic Cloud
  1099 | D:3      | Found an opulent altar of Gozag.
  1177 | D:3      | Noticed Liquid's ghost (amateur OgBe)
  1189 | D:3      | HP: 1/24 [giant newt (3)]
  1192 | D:3      | Slain by a giant newt

Skill      XL: |  1  2  3 |
---------------+----------+-----
Dodging        | 2 |  2.4
Stealth        | 2 |  2.1
Fighting       | |  0.2
Short Blades   | |  0.1
Spellcasting   | |  2.1
Conjurations   | |  0.2
Poison Magic   | |  4.6

Action                   || total
-------------------------++-------
Melee: Dagger            ||   174
 Cast: Sting             ||    10
  Use: Scroll            ||     6
       Potion            ||     1
 Stab: Sleeping          ||     4
  Eat: Bread ration      ||     1
       Beef jerky        ||     1
Armor: Robe              ||    25
Dodge: Dodged            ||    95
